 Dungeon Sprint DCSS version 0.17-a0-2064-g265a032 (webtiles) character file.

40441 Kidiri the Unseen (level 13, 0/55 HPs)
             Began as a Spriggan Enchanter on Oct 12, 2015.
             Was the Champion of Dithmenos.
             Slain by an azure jelly (19 damage)
             ... in the Dungeon (Sprint III: "The Ten Rune Challenge").
             The game lasted 00:20:17 (3626 turns).

Kidiri the Unseen (Spriggan Enchanter)              Turns: 3626, Time: 00:20:17

Health: 0/55       AC:  4    Str:  4    XL:     13   Next: 4%
Magic:  19/33      EV: 35    Int: 20    God:    Dithmenos [******]
Gold:   44         SH:  0    Dex: 20    Spells: 10 memorised, 6 levels left

rFire  . . .     SeeInvis +     t - +2 dagger (venom)
rCold  + . .     Clarity  .     c - +2 robe {rC+}
rNeg   . . .     SustAt   .     (shield restricted)
rPois  .         Gourm    .     s - +0 hat
rElec  .         Spirit   .     (no cloak)
rCorr  .         Warding  .     (gloves unavailable)
rMut   .         NoTele   +     (boots unavailable)
MR     ++...                    (no amulet)
Stlth  +++++++++.               (no ring)
                                (no ring)

@: wreathed by umbra, very quick, very resistant to hostile enchantments,
incredibly stealthy
A: unfitting armour, thin skeletal structure 1, see invisible, breathe flames 1,
herbivore 3, speed 3, screaming 1, slow metabolism 2
a: Shadow Step, Shadow Form, Renounce Religion, Breathe Fire
}: 1/10 runes: barnacled


You were in the Dungeon.
You worshipped Dithmenos.
Dithmenos was exalted by your worship.
You were not hungry.

You visited 1 branch You collected 44 gold pieces.

Inventory:

Hand Weapons
 t - a +2 dagger of venom (weapon)
Armour
 c - a +2 robe of cold resistance (worn)
 m - a +2 robe of positive energy
 s - a +0 hat (worn)
Scrolls
 j - a scroll of blinking
 k - 4 scrolls of remove curse
 q - a scroll of holy word
Potions
 a - a potion of might
 b - a potion of degeneration {unknown}
 d - a potion of lignification {unknown}
 e - 2 potions of curing
 f - a potion of agility {unknown}
 g - a potion of haste
 h - a potion of magic
 i - a potion of berserk rage
 p - 2 potions of cure mutation
 r - a potion of flight
Books
 n - a book of the Sky

   Spells                             Type                      Level
   a - Summon Lightning Spire         Summoning/Air                4
   b - Airstrike                      Air                          4
   c - Silence                        Hexes/Air                    5
   d - Deflect Missiles               Charms/Air                   6
   e - Conjure Ball Lightning         Conjuration/Air              6
   f - Tornado                        Air                          9
Comestibles
 l - 28 royal jellies
 o - 13 fruits


   Skills:
 * Level 14.5 Short Blades
 + Level 7.4 Armour
 * Level 18.2 Dodging
 * Level 19.8 Stealth
 * Level 15.6 Spellcasting
 + Level 7.2 Conjurations
 + Level 12.1 Hexes
 + Level 8.1 Ice Magic
 + Level 8.0 Air Magic
 + Level 8.7 Poison Magic
 - Level 2.0 Invocations


You had 6 spell levels left.
You knew the following spells:

 Your Spells              Type           Power        Failure   Level  Hunger
a - Corona                Hex            ######.      1%          1    None
b - Ensorcelled Hibernat  Hex/Ice        ######       1%          2    None
c - Confuse               Hex            ######..     1%          3    None
d - Tukima's Dance        Hex            ######..     1%          3    None
e - Dazzling Spray        Conj/Hex       ######..     1%          3    None
f - Mephitic Cloud        Conj/Pois/Air  #####...     1%          3    None
g - Freezing Cloud        Conj/Ice/Air   #####.....   28%         6    #####..
h - Poisonous Cloud       Conj/Pois/Air  #####.....   28%         6    #####..
i - Airstrike             Air            #####.....   1%          4    None
j - Conjure Ball Lightni  Conj/Air       #####.....   28%         6    #####..


Dungeon Overview and Level Annotations

Branches:
Dungeon (1/1)

Altars:
Cheibriados
Dithmenos
Elyvilon
Fedhas
Gozag
Kikubaaqudgha
Makhleb
Nemelex Xobeh
Okawaru
Qazlal
Ru
Sif Muna
Trog
Vehumet
Xom
Yredelemnul
Zin
The Shining One
Jiyva
Lugonu

Shops:
D :(!=[!

Annotations:
D Lernaean hydra


Innate Abilities, Weirdness & Mutations

You are tiny and cannot use many weapons and most armour.
You have supernaturally acute eyesight.
You are a herbivore.
You cover ground extremely quickly.
You need consume almost no food.
You have a somewhat thin skeletal structure (Dex +2, Stealth).
You can breathe flames.
You occasionally shout uncontrollably at your foes.


Message History

Your Air Magic skill increases to level 8!
You have reached level 13!
Casting: Dazzling Spray
Confirm with . or Enter, or press ? or * to list all spells.
Aiming: Dazzling Spray
Press: ? - help, Shift-Dir - straight line, f - azure jelly
Aim: an azure jelly (umbra)
The spray of energy hits the azure jelly.
The azure jelly is lightly wounded.
The azure jelly quivers.
You enter the shallow water.
Moving in this stuff is going to be slow.
You open the door. The azure jelly barely misses you.
The azure jelly completely misses you. The azure jelly completely misses you.
The azure jelly hits you but does no damage.
The azure jelly splashes around in the water. x4
The azure jelly splashes around in the water.
The azure jelly hits you. The azure jelly freezes you!! You resist.
You die...

▓...#≈≈§§§§≈≈≈♣♣♣♣♣♣♣#..♣
▓..[#≈≈§§≈≈≈≈≈♣ ###'
▓##'####+#######♣ ♣♣♣♣.
▓.....J§§§J§§J..♣♣ ♣...#
▓#'#############'♣ ♣♣.##
▓...#≈........%..♣ ♣..#
▓...'≈≈...########♣♣ ♣♣.#
▓...#≈≈J...........♣ ♣♣.#
▓J..#≈J≈@..........♣ ♣...
#+#############+#### ####
#≈♣♣ #♣.♣ ♣.♣♣ #### ♣♣.♣
...φ ♣.♣♣ D..D ♣.♣♣ ....
♣≈.♣♣#...#


You could see 2 azure jellies.

Vanquished Creatures
  Rupert (D)
  Polyphemus (D)
  Gastronok (D)
  Ilsuiw (D)
  An azure jelly (D)
  Maud (D)
  2 dire elephants (D)
  A merfolk javelineer (D)
  2 hydras (D)
  Erica (D)
  A centaur warrior (D)
  4 death yaks (D)
  A death drake (D)
  A spriggan druid (D)
  An unseen horror (D)
  A swamp dragon (D)
  A sea snake (D)
  A lindwurm (D)
  2 elephants (D)
  2 black mambas (D)
  A komodo dragon (D)
  2 spiny frogs (D)
  A fire drake (D)
  A deep elf priest (D)
  8 blink frogs (D)
  3 wandering mushrooms (D)
  A queen bee (D)
  A shadow (D)
  3 redbacks (D)
  2 spriggans (D)
  A spatial vortex (D)
  3 swamp drakes (D)
  A necrophage (D)
  2 centaurs (D)
  An earth elemental (D)
  2 brain worms (D)
  A water elemental (D)
  A scorpion (D)
  32 killer bees (D)
  A jelly (D)
  Jessica (D)
  A wizard (D)
  A necromancer (D)
  3 sheep (D)
  3 humans (D)
  A kobold demonologist (D)
  An ooze (D)
  2 rats (D)
  13 plants (D)
121 creatures vanquished.

Vanquished Creatures (others)
  2 draconian scorchers (D)
  3 yaktaurs (D)
  An electric eel (D)
  4 plants (D)
10 creatures vanquished.

Grand Total: 131 creatures vanquished

Notes
Turn   | Place    | Note
--------------------------------------------------------------
     0 | D        | Kidiri the Spriggan Enchanter began the quest for the Orb.
     0 | D        | Reached XP level 1. HP: 9/9 MP: 5/5
     8 | D        | Reached skill level 5 in Stealth
    12 | D        | Noticed Jessica
    15 | D        | Killed Jessica
    15 | D        | Reached skill level 6 in Stealth
    15 | D        | Reached XP level 2. HP: 13/13 MP: 6/8
    15 | D        | Reached XP level 3. HP: 16/16 MP: 6/9
    23 | D        | Learned a level 2 spell: Ensorcelled Hibernation
    23 | D        | Killed a yaktaur
    27 | D        | Learned a level 3 spell: Confuse
    31 | D        | Learned a level 3 spell: Dazzling Spray
   136 | D        | Reached skill level 1 in Armour
   136 | D        | Reached skill level 5 in Dodging
   192 | D        | Killed a white draconian scorcher
   274 | D        | Noticed a scorpion
   281 | D        | Killed a scorpion
   281 | D        | Reached skill level 7 in Stealth
   281 | D        | Reached skill level 5 in Spellcasting
   281 | D        | Reached skill level 1 in Ice Magic
   281 | D        | Reached XP level 4. HP: 21/21 MP: 12/12
   292 | D        | Killed a white draconian scorcher
   299 | D        | Gained mutation: You can breathe flames. [potion of mutation]
   299 | D        | Gained mutation: You are partially covered in large bone plates (AC +2, SH +2). [potion of mutation]
   300 | D        | Gained mutation: You have a somewhat thin skeletal structure (Dex +2, Stealth). [potion of mutation]
   300 | D        | Lost mutation: You are partially covered in large bone plates (AC +2, SH +2). [potion of mutation]
   300 | D        | Gained mutation: You occasionally shout uncontrollably at your foes. [potion of mutation]
   365 | D        | Learned a level 3 spell: Tukima's Dance
   390 | D        | Noticed a water elemental
   430 | D        | Killed a water elemental
   430 | D        | Reached skill level 5 in Short Blades
   430 | D        | Reached skill level 8 in Stealth
   430 | D        | Reached skill level 1 in Conjurations
   430 | D        | Reached skill level 5 in Hexes
   430 | D        | Reached XP level 5. HP: 22/24 MP: 0/14
   540 | D        | Noticed a jelly
   541 | D        | Noticed a shadow
   543 | D        | Killed a shadow
   543 | D        | Reached skill level 9 in Stealth
   543 | D        | Reached XP level 6. HP: 28/28 MP: 15/17
   548 | D        | Killed a jelly
   583 | D        | Found a stormy altar of Qazlal.
   584 | D        | Found a sacrificial altar of Ru.
   584 | D        | Found a burning altar of Makhleb.
   584 | D        | Found a viscous altar of Jiyva.
   584 | D        | Found a shimmering altar of Xom.
   584 | D        | Found a shadowy altar of Dithmenos.
   584 | D        | Found a sparkling altar of Nemelex Xobeh.
   584 | D        | Found a corrupted altar of Lugonu.
   584 | D        | Found an opulent altar of Gozag.
   584 | D        | Noticed a spatial vortex
   588 | D        | Became a worshipper of Dithmenos the Shadowed
   590 | D        | Killed a spatial vortex
   590 | D        | Reached skill level 10 in Stealth
   590 | D        | Reached skill level 1 in Invocations
   614 | D        | Found a radiant altar of Vehumet.
   615 | D        | Found a deep blue altar of Sif Muna.
   615 | D        | Found an ancient bone altar of Kikubaaqudgha.
   615 | D        | Noticed a wizard
   618 | D        | Noticed a chaos spawn
   618 | D        | Killed a wizard
   719 | D        | Learned a level 3 spell: Mephitic Cloud
   730 | D        | Found a glowing silver altar of Zin.
   731 | D        | Found a glowing golden altar of the Shining One.
   731 | D        | Found a white marble altar of Elyvilon.
   731 | D        | Noticed a deep elf priest
   735 | D        | Killed a deep elf priest
   735 | D        | Reached * piety under Dithmenos
   735 | D        | Reached skill level 10 in Dodging
   735 | D        | Reached skill level 11 in Stealth
   735 | D        | Reached skill level 1 in Air Magic
   735 | D        | Reached skill level 1 in Poison Magic
   735 | D        | Reached XP level 7. HP: 32/32 MP: 16/20
   765 | D        | Learned a level 6 spell: Freezing Cloud
   773 | D        | Found an iron altar of Okawaru.
   774 | D        | Found a bloodstained altar of Trog.
   774 | D        | Noticed a human
   774 | D        | Noticed a human
   776 | D        | Killed a human
   777 | D        | Killed a human
   777 | D        | Reached XP level 8. HP: 36/36 MP: 21/21
   793 | D        | Found a snail-covered altar of Cheibriados.
   793 | D        | Noticed a necrophage
   794 | D        | Found a basalt altar of Yredelemnul.
   794 | D        | Found a blossoming altar of Fedhas.
   794 | D        | Noticed a necromancer
   795 | D        | Killed a necrophage
   795 | D        | Reached ** piety under Dithmenos
   799 | D        | Killed a necromancer
   828 | D        | Noticed Erica
   830 | D        | Killed Erica
   830 | D        | Reached skill level 12 in Stealth
   849 | D        | Noticed an earth elemental
   899 | D        | Killed an earth elemental
  1012 | D        | Noticed a centaur
  1012 | D        | Noticed a centaur warrior
  1012 | D        | Noticed a centaur
  1014 | D        | Killed a centaur
  1014 | D        | Reached skill level 10 in Spellcasting
  1016 | D        | Killed a centaur warrior
  1016 | D        | Reached skill level 13 in Stealth
  1016 | D        | Reached XP level 9. HP: 39/39 MP: 22/24
  1017 | D        | Killed a centaur
  1017 | D        | Reached *** piety under Dithmenos
  1028 | D        | Learned a level 6 spell: Poisonous Cloud
  1110 | D        | Noticed an unseen horror
  1112 | D        | Killed an unseen horror
  1122 | D        | Noticed a killer bee
  1122 | D        | Noticed a killer bee
  1122 | D        | Noticed a killer bee
  1122 | D        | Noticed a killer bee
  1122 | D        | Noticed a killer bee
  1122 | D        | Noticed a killer bee
  1122 | D        | Noticed a killer bee
  1122 | D        | Noticed a killer bee
  1122 | D        | Noticed a killer bee
  1122 | D        | Noticed a killer bee
  1122 | D        | Noticed a killer bee
  1122 | D        | Noticed a killer bee
  1122 | D        | Noticed a killer bee
  1122 | D        | Noticed a killer bee
  1122 | D        | Noticed a killer bee
  1123 | D        | Noticed a killer bee
  1124 | D        | Noticed a killer bee
  1124 | D        | Noticed a killer bee
  1124 | D        | Noticed a queen bee
  1124 | D        | Noticed a killer bee
  1124 | D        | Noticed a killer bee
  1124 | D        | Noticed a killer bee
  1126 | D        | Noticed a killer bee
  1128 | D        | Noticed a killer bee
  1128 | D        | Noticed a killer bee
  1128 | D        | Killed a killer bee
  1129 | D        | Noticed a killer bee
  1130 | D        | Killed a killer bee
  1131 | D        | Noticed a killer bee
  1131 | D        | Noticed a killer bee
  1135 | D        | Killed a killer bee
  1137 | D        | Noticed a killer bee
  1137 | D        | Killed a killer bee
  1137 | D        | Reached **** piety under Dithmenos
  1139 | D        | Noticed a killer bee
  1141 | D        | Noticed a killer bee
  1141 | D        | Killed a killer bee
  1141 | D        | Reached skill level 10 in Short Blades
  1144 | D        | Killed a killer bee
  1145 | D        | Noticed a killer bee
  1146 | D        | Killed a killer bee
  1151 | D        | Noticed a killer bee
  1152 | D        | Killed a killer bee
  1152 | D        | Reached skill level 14 in Stealth
  1152 | D        | Reached skill level 5 in Ice Magic
  1287 | D        | Killed a killer bee
  1287 | D        | Reached ***** piety under Dithmenos
  1289 | D        | Killed a killer bee
  1294 | D        | Killed a killer bee
  1296 | D        | Killed a killer bee
  1298 | D        | Killed a killer bee
  1304 | D        | Killed a killer bee
  1306 | D        | Killed a killer bee
  1308 | D        | Killed a killer bee
  1310 | D        | Killed a killer bee
  1310 | D        | Reached XP level 10. HP: 37/44 MP: 2/26
  1444 | D        | Killed a killer bee
  1446 | D        | Killed a killer bee
  1448 | D        | Killed a killer bee
  1450 | D        | Killed a killer bee
  1452 | D        | Killed a killer bee
  1454 | D        | Killed a killer bee
  1456 | D        | Killed a killer bee
  1458 | D        | Killed a killer bee
  1458 | D        | Reached ****** piety under Dithmenos
  1460 | D        | Killed a killer bee
  1464 | D        | Killed a killer bee
  1468 | D        | Killed a killer bee
  1470 | D        | Killed a killer bee
  1472 | D        | Killed a killer bee
  1486 | D        | Killed a queen bee
  1486 | D        | Reached skill level 5 in Poison Magic
  1490 | D        | Killed a killer bee
  1495 | D        | Killed a killer bee
  1495 | D        | Reached skill level 5 in Armour
  1627 | D        | Learned a level 4 spell: Airstrike
  1699 | D        | Noticed a wandering mushroom
  1700 | D        | Noticed a wandering mushroom
  1700 | D        | Noticed a wandering mushroom
  1701 | D        | Killed a wandering mushroom
  1703 | D        | Killed a wandering mushroom
  1703 | D        | Reached skill level 15 in Stealth
  1704 | D        | Killed a wandering mushroom
  1738 | D        | Killed an electric eel
  1743 | D        | Noticed a spiny frog
  1743 | D        | Noticed a komodo dragon
  1743 | D        | Noticed a spiny frog
  1746 | D        | Killed a spiny frog
  1748 | D        | Killed a spiny frog
  1748 | D        | Reached skill level 5 in Air Magic
  1751 | D        | Killed a komodo dragon
  1751 | D        | Reached skill level 5 in Conjurations
  1782 | D        | Noticed a redback
  1784 | D        | Killed a redback
  1785 | D        | Noticed a brain worm
  1789 | D        | Killed a brain worm
  1794 | D        | Noticed a brain worm
  1797 | D        | Killed a brain worm
  1802 | D        | Noticed a lindwurm
  1804 | D        | Noticed a redback
  1809 | D        | Killed a lindwurm
  1814 | D        | Killed a redback
  1830 | D        | Noticed a redback
  1832 | D        | Killed a redback
  1837 | D        | Noticed Maud
  1845 | D        | Killed Maud
  1845 | D        | Reached skill level 16 in Stealth
  1845 | D        | Reached XP level 11. HP: 37/47 MP: 11/28
  1928 | D        | Noticed a six-headed hydra
  1928 | D        | Noticed an eight-headed hydra
  1930 | D        | Killed a six-headed hydra
  1930 | D        | Reached skill level 10 in Hexes
  1931 | D        | Killed an eight-headed hydra
  1931 | D        | Reached skill level 15 in Dodging
  1952 | D        | Noticed a death drake
  1955 | D        | Killed a death drake
  1965 | D        | Found a blossoming altar of Fedhas.
  1965 | D        | Noticed a spriggan
  1965 | D        | Noticed a spriggan druid
  1965 | D        | Noticed a spriggan
  1967 | D        | Killed a spriggan druid
  1968 | D        | Killed a spriggan
  1969 | D        | Killed a spriggan
  1969 | D        | Reached skill level 17 in Stealth
  1996 | D        | Noticed Polyphemus
  2144 | D        | Noticed a swamp drake
  2144 | D        | Noticed a fire drake
  2145 | D        | Killed a fire drake
  2147 | D        | Killed a swamp drake
  2176 | D        | Killed Polyphemus
  2210 | D        | Noticed Ilsuiw
  2212 | D        | Killed Ilsuiw
  2220 | D        | Found Ytrin's Jewellery Emporium.
  2220 | D        | Found Ufaephor's Antique Armour Shop.
  2220 | D        | Found Causy's Distillery.
  2220 | D        | Noticed a sea snake
  2220 | D        | Noticed a merfolk javelineer
  2223 | D        | Killed a sea snake
  2257 | D        | Killed a merfolk javelineer
  2271 | D        | Got a barnacled rune of Zot
  2369 | D        | Learned a level 6 spell: Conjure Ball Lightning
  2370 | D        | Noticed a blink frog
  2370 | D        | Noticed a blink frog
  2370 | D        | Noticed a blink frog
  2370 | D        | Noticed a blink frog
  2371 | D        | Noticed a blink frog
  2373 | D        | Killed a blink frog
  2378 | D        | Killed a blink frog
  2380 | D        | Killed a blink frog
  2380 | D        | Reached XP level 12. HP: 46/51 MP: 22/31
  2382 | D        | Killed a blink frog
  2382 | D        | Reached skill level 18 in Stealth
  2389 | D        | Killed a blink frog
  2435 | D        | Killed a yaktaur
  2494 | D        | Noticed Rupert
  2497 | D        | Killed Rupert
  2518 | D        | Noticed a death yak
  2519 | D        | Noticed a death yak
  2519 | D        | Noticed a blink frog
  2522 | D        | Noticed a death yak
  2524 | D        | Noticed a death yak
  2525 | D        | Killed a death yak
  2526 | D        | Noticed a blink frog
  2530 | D        | Killed a death yak
  2533 | D        | Killed a death yak
  2534 | D        | Killed a blink frog
  2551 | D        | Noticed a blink frog
  2551 | D        | Killed a blink frog
  2551 | D        | Killed a blink frog
  2552 | D        | Noticed a black mamba
  2554 | D        | Killed a black mamba
  2567 | D        | Killed a death yak
  2577 | D        | Noticed a black mamba
  2614 | D        | Killed a yaktaur
  2706 | D        | Killed a black mamba
  2706 | D        | Reached skill level 19 in Stealth
  2712 | D        | Noticed an azure jelly
  2712 | D        | Noticed an azure jelly
  2857 | D        | Noticed a swamp drake
  2859 | D        | Killed a swamp drake
  2862 | D        | Noticed a swamp drake
  2863 | D        | Found Ogimem's Book Shoppe.
  2863 | D        | Found Nunu's Antique Weapon Boutique.
  2866 | D        | Killed a swamp drake
  2871 | D        | Found Miem's Distillery.
  3035 | D        | Noticed a swamp dragon
  3037 | D        | Killed a swamp dragon
  3037 | D        | Reached skill level 15 in Spellcasting
  3069 | D        | Noticed an eight-headed hydra
  3069 | D        | Noticed the 27-headed Lernaean hydra
  3121 | D        | Noticed an azure jelly
  3121 | D        | Noticed an azure jelly
  3122 | D        | Noticed an elephant
  3122 | D        | Noticed an elephant
  3122 | D        | Noticed a dire elephant
  3122 | D        | Noticed a dire elephant
  3122 | D        | Noticed Gastronok
  3124 | D        | Killed Gastronok
  3178 | D        | Killed a dire elephant
  3181 | D        | Killed an elephant
  3290 | D        | Killed an elephant
  3474 | D        | Killed a dire elephant
  3613 | D        | Killed an azure jelly
  3613 | D        | Reached XP level 13. HP: 20/55 MP: 19/33
  3626 | D        | Slain by an azure jelly

Vault maps used:
D:        dungeon_sprint_mu

Action                   |  1- 3 |  4- 6 |  7- 9 | 10-12 | 13-15 || total
-------------------------+-------+-------+-------+-------+-------++-------
Melee: Dagger            |    10 |    28 |    59 |   391 |       ||   488
 Cast: Ensorcelled Hiber |     6 |     4 |    28 |    47 |       ||    85
       Dazzling Spray    |       |     7 |     7 |    34 |     2 ||    50
       Mephitic Cloud    |       |       |     1 |       |       ||     1
       Tukima's Dance    |       |       |       |     2 |       ||     2
       Confuse           |       |       |       |     4 |       ||     4
       Airstrike         |       |       |       |     1 |       ||     1
       Freezing Cloud    |       |       |       |     1 |       ||     1
Invok: Shadow Step       |       |       |       |     9 |       ||     9
  Use: Scroll            |       |     4 |       |       |       ||     4
       Potion            |       |     3 |     1 |     3 |       ||     7
 Stab: Sleeping          |     4 |     5 |    24 |    53 |       ||    86
       Invisible         |       |     2 |       |     4 |       ||     6
       Confused          |       |       |       |     2 |       ||     2
  Eat: Bread ration      |       |       |       |     1 |       ||     1
